 Dungeon Crawl Stone Soup version 0.19.1 (webtiles) character file.

248 Millan the Shield-Bearer (level 6, -3/48 HPs)
             Began as a Formicid Fighter on Nov 30, 2016.
             Was an Initiate of Qazlal.
             Slain by an ogre
             ... wielding a +0 giant club
              (4 damage)
             ... on level 4 of the Dungeon.
             The game lasted 00:09:53 (3251 turns).

Millan the Shield-Bearer (Formicid Fighter)         Turns: 3251, Time: 00:09:53

Health: -3/48      AC: 11    Str: 27    XL:     6   Next: 34%
Magic:  6/6        EV:  6    Int:  7    God:    Qazlal [......]
Gold:   225        SH: 11    Dex: 11    Spells: 0 memorised, 5 levels left

rFire  . . .     SeeInvis +     a - +0 long sword
rCold  . . .     Gourm    .     q - +0 plate armour
rNeg   . . .     Faith    .     c - +0 shield
rPois  .         Spirit   .     (helmet unavailable)
rElec  .         Reflect  .     (no cloak)
rCorr  +         Harm     .     (no gloves)
MR     .....                    (no boots)
Stlth  ..........               (no amulet)
                                (no ring)
                                v - ring of resist corrosion

@: mighty, lethally poisoned (-3 -> -10)
A: permanent stasis, dig shafts and tunnels, four strong arms, antennae 3
a: Dig, Shaft Self, Renounce Religion


You were on level 4 of the Dungeon.
You worshipped Qazlal.
Qazlal was noncommittal.
You were not hungry.

You visited 1 branch of the dungeon, and saw 4 of its levels.

You collected 225 gold pieces.

Inventory:

Hand Weapons
 a - a +0 long sword (weapon)
Armour
 c - a +0 shield (worn)
 q - a +0 plate armour (worn)
Jewellery
 v - a ring of resist corrosion (left hand)
 y - an uncursed ring of flight {unknown}
Scrolls
 e - 2 scrolls of enchant weapon {unknown}
 g - a scroll of fear {unknown}
 h - 2 scrolls of random uselessness {unknown}
 i - a scroll of blinking {unknown}
 j - a scroll of enchant armour {unknown}
 l - a scroll of magic mapping {unknown}
 n - a scroll of amnesia {unknown}
 p - 4 scrolls of remove curse {unknown}
 r - 6 scrolls of identify {unknown}
Potions
 b - a potion of heal wounds {unknown}
 k - a potion of brilliance {unknown}
 o - 2 potions of flight {unknown}
 s - 4 potions of curing {unknown}
 x - a potion of cancellation {unknown}
Comestibles
 f - 2 bread rations
 m - 2 meat rations
 t - 2 fruits
 u - a slice of pizza
 w - a chunk of flesh
 z - a beef jerky


   Skills:
 + Level 3.7 Fighting
 + Level 3.2 Long Blades
 + Level 4.1 Armour
 + Level 1.5 Dodging
 * Level 5.8 Shields
 + Level 0.8 Invocations


You had 5 spell levels left.
You didn't know any spells.

Dungeon Overview and Level Annotations

Branches:
Dungeon (4/15)
 Temple: D:4-7

Altars:
Nemelex Xobeh
Qazlal


Innate Abilities, Weirdness & Mutations

You are under a permanent stasis effect.
You can dig through walls and to a lower floor.
Your four strong arms can wield two-handed weapons with a shield.
You have a pair of large antennae on your head. (SInv)


Message History

The ogre closely misses you.
You hit the ogre.
The ogre is moderately wounded.
The ogre hits you with a giant club!
The worker ant bites you but does no damage.
You hit the ogre.
The ogre is heavily wounded.
The ogre hits you with a giant club!!
Ouch! That really hurt!
* * * LOW HITPOINT WARNING * * *
The worker ant bites you.
* * * LOW HITPOINT WARNING * * *
You are lethally poisoned!
The worker ant poisons you!
You feel very mighty all of a sudden.
* * * LOW HITPOINT WARNING * * *
You feel sick.
The worker ant bites you but does no damage.
The ogre hits you with a giant club.
You die...

..... ##.....
....... .......
....... .########
.......
........##a......
#........'@O......
#......>.###+###..
#........##
#.........# ...
#.........# ...
##.........# ....
#.........##.....
##......##.....
#..............


You could see an ogre and a worker ant.

Vanquished Creatures
  An ice beast (D:3)
  A hound (D:4)
  3 adders
  A worm (D:2)
  2 dart slugs (D:3)
  6 leopard geckos
  6 orcs (D:3)
  A ball python (D:2)
  5 giant cockroaches
  8 goblins
  7 hobgoblins
  6 jackals
  2 quokkas (D:3)
  11 bats
  7 frilled lizards
  8 kobolds
  8 rats
83 creatures vanquished.

Vanquished Creatures (others)
  A hobgoblin (D:2)
1 creature vanquished.

Grand Total: 84 creatures vanquished

Notes
Turn   | Place    | Note
-------+----------+-------------------------------------------
     0 | D:1      | Millan the Formicid Fighter began the quest for the Orb.
     0 | D:1      | Reached XP level 1. HP: 18/18 MP: 1/1
   136 | D:1      | Reached XP level 2. HP: 20/24 MP: 2/2
   320 | D:1      | Reached skill level 4 in Shields
   579 | D:1      | Reached XP level 3. HP: 24/29 MP: 3/3
  1314 | D:2      | Found a sparkling altar of Nemelex Xobeh.
  1387 | D:2      | Reached XP level 4. HP: 35/35 MP: 4/4
  1948 | D:3      | Noticed an ice beast
  1959 | D:3      | Killed an ice beast
  1959 | D:3      | Reached skill level 1 in Dodging
  1959 | D:3      | Reached skill level 5 in Shields
  1959 | D:3      | Reached XP level 5. HP: 16/42 MP: 5/5
  2421 | D:3      | Found a stormy altar of Qazlal.
  2471 | D:3      | Became a worshipper of Qazlal Stormbringer
  2595 | D:3      | Reached XP level 6. HP: 48/48 MP: 6/6
  3244 | D:4      | Noticed an ogre
  3250 | D:4      | HP: 1/48 [worker ant (2)]
  3251 | D:4      | Slain by an ogre

Skill      XL: |  1  2  3  4  5 |
---------------+----------------+-----
Shields        | 4 5 |  5.8
Armour         | 4 |  4.1
Dodging        | 1 |  1.5
Long Blades    | 3 |  3.2
Fighting       | |  3.7
Invocations    | |  0.8

Action                   |  1- 3 |  4- 6 || total
-------------------------+-------+-------++-------
Melee: Long sword        |   142 |   180 ||   322
 Abil: Dig               |       |     4 ||     4
  Use: Potion            |       |     1 ||     1
  Eat: Chunk             |     2 |     7 ||     9
Armor: Scale mail        |    47 |       ||    47
       Plate armour      |    55 |   110 ||   165
Dodge: Dodged            |    54 |    48 ||   102
Block: Shield            |   100 |   104 ||   204
       Rpst.: Long sword |    15 |    16 ||    31
